 Dungeon Crawl Stone Soup version 0.27.0-1-g7a089689b8 (webtiles) character file.

Game seed: 7489691875635341855

46 lessens the Conjurer (level 3, 0/26 HPs)
             Began as a Ghoul Conjurer on Aug 12, 2021.
             Slain by a worm (10 damage)
             ... on level 2 of the Dungeon.
             The game lasted 00:03:25 (2498 turns).

lessens the Conjurer (Ghoul Conjurer)               Turns: 2498, Time: 00:03:25

Health: 0/26       AC:  2    Str: 11    XL:     3   Next: 68%
Magic:  0/5        EV: 11    Int: 13    God:
Gold:   103        SH:  0    Dex:  7    Spells: 5/6 levels left

rFire    . . .     SeeInvis .     - Unarmed
rCold    + . .     Faith    .   (no shield)
rNeg     + + +     Spirit   .   a - +0 robe
rPois    ∞         Reflect  .   (no helmet)
rElec    .         Harm     .   (no cloak)
rCorr    .         Rampage  .   (no gloves)
Will     .....                  (no boots)
Stlth    ++........             (no amulet)
HPRegen  0.00/turn              (no ring)
MPRegen  0.09/turn              (no ring)

@: inhibited regen
A: claws 1, cold resistance 1, negative energy resistance 3, inhibited
regeneration, torment resistance 2
a: no special abilities


You were on level 2 of the Dungeon.
You visited 1 branch of the dungeon, and saw 2 of its levels.

You collected 103 gold pieces.

Inventory:

Missiles
 d - 24 stones
 f - 8 silver boomerangs
Armour
 a - a +0 robe (worn)
 b - a +2 pair of gloves
Jewellery
 h - an amulet of reflection
Scrolls
 e - a scroll of summoning {unknown}
 g - a scroll of amnesia {unknown}
Potions
 c - a potion of degeneration {unknown}
 i - a potion of mutation {unknown}


   Skills:
 - Level 1.7 Dodging
 - Level 2.1 Stealth
 + Level 1.8 Unarmed Combat
 + Level 2.3 Spellcasting
 + Level 3.6 Conjurations


You had 5 spell levels left.
You knew the following spells:

 Your Spells              Type           Power      Damage    Failure   Level
a - Magic Dart            Conj           44%        1d5       5%          1

Your spell library contained the following spells:

 Spells                   Type           Power      Damage    Failure   Level
 Searing Ray              Conj           22%        3d3       9%          2
 Dazzling Flash           Conj/Hex       12%        N/A       34%         3
 Ozocubu's Armour         Ice            1%         N/A       58%         3
 Fulminant Prism          Conj/Hex       3%         3d6       75%         4
 Iskenderun's Mystic Bla  Conj/Tloc      6%         2d4       75%         4
 Ozocubu's Refrigeration  Ice            0%         4d5       100%        7


Dungeon Overview and Level Annotations

Branches:
Dungeon (2/15)

Altars:


Innate Abilities, Weirdness & Mutations

You thrive by killing the living.
You are immune to poison.
You have sharp fingernails.
Your flesh is cold resistant. (rC+)
You are immune to negative energy. (rN+++)
You do not regenerate when monsters are visible.
You are immune to unholy pain and torment.


Message History

You kill the kobold!
You can't see any susceptible monsters within range! (Use Z to cast anyway.)
You can't see any susceptible monsters within range! (Use Z to cast anyway.)
A worm is nearby!
A worm is nearby!
A worm is nearby!
A worm is nearby!
The magic dart hits the worm.
The worm is lightly wounded.
The magic dart hits the worm.
The worm is moderately wounded.
The magic dart hits the worm.
The worm is moderately wounded.
The magic dart hits the worm.
The worm is moderately wounded.
The magic dart hits the worm.
The worm is severely wounded.
You are too depleted to draw on your mana recklessly!
You are too depleted to draw on your mana recklessly!
You see here a +0 spear.
The worm closely misses you.
You scratch the worm.
The worm is severely wounded.
The worm bites you!
You scratch the worm.
The worm is almost dead.
You scratch the worm.
The worm is almost dead.
The worm bites you!
You barely miss the worm.
The worm is almost dead.
Casting: Magic Dart (safe; 5% risk of failure)
Confirm with . or Enter, or press ? or * to list all spells.
Aiming: Magic Dart (safe; 5% risk of failure)
Press: ? - help, Shift-Dir - straight line, f/p - worm
Aim: a worm (almost dead, 100% to hit)
The magic dart hits the worm.
The worm is almost dead.
The worm bites you!
You die...

..........# ..............#
.............# ............#
...........# #.# #.##.......# #.#
#..#.......# #.# #w#.......# #.#
#@........### #.# ##)#........#
#.# #..........#
#.###.############.........######
#..........).....................
#####.############.........######
#.# ##........# ####.######
#........# #.........# #........#


You could see a worm.

Vanquished Creatures
  An endoplasm (D:1)
  3 giant cockroaches
  6 goblins
  4 hobgoblins (D:1)
  6 jackals (D:1)
  3 quokkas
  2 ball pythons (D:1)
  2 bats
  4 frilled lizards (D:2)
  7 kobolds
  3 rats
41 creatures vanquished.

Vanquished Creatures (others)
  A ghoul (D:1)
  A gargoyle (D:1)
  A demonspawn (D:1)
  A human (D:1)
  A demigod (D:1)
  A felid (D:1)
  2 barachim (D:1)
  A gnoll (D:1)
  3 orcs (D:1)
  8 tentacles (D:1)
20 creatures vanquished.

Grand Total: 61 creatures vanquished

Notes
Turn   | Place    | Note
-------+----------+-------------------------------------------
     0 | D:1      | lessens the Ghoul Conjurer began the quest for the Orb.
     0 | D:1      | Reached XP level 1. HP: 14/14 MP: 2/2
     0 | D:1      | Noticed a ghoul
     0 | D:1      | Noticed a demigod
     0 | D:1      | Noticed a gargoyle
     0 | D:1      | Noticed a kraken
     0 | D:1      | Noticed a barachi
     0 | D:1      | Noticed a barachi
     0 | D:1      | Noticed a felid
     0 | D:1      | Noticed a demonspawn
     0 | D:1      | Noticed a human
     3 | D:1      | Killed a barachi
     3 | D:1      | Killed a demonspawn
     4 | D:1      | Killed a human
    10 | D:1      | Killed a felid
    14 | D:1      | Killed a barachi
    15 | D:1      | Killed a demigod
    15 | D:1      | Killed a ghoul
    15 | D:1      | Killed a gargoyle
   303 | D:1      | Reached XP level 2. HP: 2/20 MP: 0/4
   666 | D:1      | Reached skill level 1 in Unarmed Combat
  1187 | D:1      | Found a faded altar of an unknown god.
  1193 | D:1      | Reached XP level 3. HP: 26/26 MP: 1/5
  2498 | D:2      | Slain by a worm

Illustrated notes

Levels and vault maps discovered:
D:1:      nicolae_arrival_kraken_aquarium_a, layout_rooms,
          shapermc_ecumenical_altar_notcrosses
D:2:      layout_basic

Skill      XL: |  1  2 |
---------------+-------+-----
Spellcasting   | 2 |  2.3
Unarmed Combat | 1 |  1.8
Dodging        | |  1.7
Stealth        | |  2.1
Conjurations   | |  3.6

Action                   || total
-------------------------++-------
Melee: Unarmed           ||    55
 Cast: Magic Dart        ||    87
 Stab: Sleeping          ||     1
Armor: Robe              ||    11
Dodge: Dodged            ||    36
